 Dungeon Crawl Stone Soup version 0.31.0-11-ge490571c62 (webtiles) character file.

Game seed: 12741409551948908653

112 browni3141 the Ducker (level 4, 0/36 HPs)
             Began as a Barachi Monk on Feb 2, 2024.
             Shot with an arrow by a centaur (5 damage)
             ... on level 5 of the Dungeon.
             The game lasted 00:04:01 (613 turns).

browni3141 the Ducker (Barachi Monk)                 Turns: 613, Time: 00:04:01

Health: 0/36       AC:  6    Str: 12    XL:     4   Next: 93%
Magic:  8/8        EV: 10    Int: 13    God:
Gold:   52         SH:  0    Dex: 14    Spells: 8/8 levels left

rFire   . . .        j - +1 dagger (venom)
rCold   . . .        d - orb {light}
rNeg    . . .        l - +0 scale mail
rPois   .            (no helmet)
rElec   .            (no cloak)
rCorr   .            (no gloves)
SInv    .            (no boots)
Will    .....        (no amulet) Stlth
                     (no ring)
HPRegen 0.26/turn    (no ring)
MPRegen 0.11/turn

%: no passive effects
@: confused, ambrosia-drunk, unable to hop, glowing, slow
A: amphibious, slowness 1, strong legs 1, +LOS
a: Hop


You were on level 5 of the Dungeon.
You visited 2 branches of the dungeon, and saw 6 of its levels.

You collected 52 gold pieces.

Inventory:

Hand Weapons
 a - a +0 falchion
 i - a +2 dagger of speed
 j - a +1 dagger of venom (weapon)
Armour
 b - a +0 robe
 d - an orb of light (worn)
 l - a +0 scale mail (worn)
Scrolls
 f - a scroll of identify {unknown}
 m - a scroll of brand weapon {unknown}
Potions
 e - 3 potions of might {unknown}
 g - a potion of lignification {unknown}
 h - a potion of resistance {unknown}
 k - a potion of magic {unknown}


   Skills:
 - Level 3.6 Fighting
 - Level 3.6 Long Blades
 - Level 5.0 Dodging
 * Level 2.7 Spellcasting


You had 8 spell levels left.
You didn't know any spells.
Your spell library contained the following spells:

 Spells                   Type           Power      Damage    Failure   Level
 Lesser Beckoning         Tloc           2%         N/A       89%         2
 Gell's Gravitas          Tloc           1%         N/A       98%         3
 Teleport Other           Tloc           1%         N/A       98%         3


Dungeon Overview and Level Annotations

Branches:
Dungeon (5/15)             Temple (1/1) D:5

Altars:
Cheibriados
Gozag
Makhleb
Okawaru
Qazlal
Ru
Sif Muna
Vehumet
The Shining One

Annotations:
D:4 1 runed translucent door, Crazy Yiuf, Dowan, Duvessa
Temple 2 transporters


Innate Abilities, Weirdness & Mutations

You are amphibious.
You cover ground slowly.
You can hop short distances.
You have an extended range of vision and can be seen from far away.


Message History

The endoplasm is heavily wounded.
You hit the endoplasm.
You kill the endoplasm!
No target in view!
You open the door.
There is an open door here.
There is an open door here.
You see here a scroll labelled NIXKUEQESHICS.
m - a scroll labelled NIXKUEQESHICS
Found a hammer.
Found a runed translucent door.
Duvessa shouts!
You hear a shout!
Dowan shouts!
Crazy Yiuf whimpers, "Shadow!
Blight unthinkable illywillydillykilly."
Crazy Yiuf glowers.
Press: ? - help, v - describe, . - travel
Here: Dowan, wielding a +0 dagger and wearing a +0 robe (haloed, fire blocked by a runed translucent door)
The floor.
Unknown command.
Crazy Yiuf grits, "Nubble!"
Crazy Yiuf cries, "You leg down broken song, no?"
A quokka comes into view.
You see here 14 gold pieces.
You now have 52 gold pieces (gained 14).
You hit the quokka.
The quokka is poisoned.
The quokka is heavily wounded.
The quokka barely misses you.
You hit the quokka.
You kill the quokka!
No target in view!
Found a stone staircase leading down.
You see here a glowing golden potion.
e - 3 glowing golden potions (gained 1) Hop to where?
Press: ? - help, Dir - move target Boing!
A kobold brigand comes into view.
It is wielding a +0 short sword and quivering curare-tipped darts.
The kobold brigand shouts!
A kobold brigand is nearby!
The kobold brigand throws a curare-tipped dart.
The curare-tipped dart closely misses you.
You enter a teleport trap!
The teleport trap disappears.
Your surroundings suddenly seem different.
There is an escape hatch in the floor here.
You slide downwards.
The hatch slams shut behind you.
The hound barks!
Found a runed short sword, 6 gold pieces and a dented zirconium amulet.
Found a staircase to the Ecumenical Temple.
There is a fountain of clear blue water here.
Press: ? - help, v - describe, . - travel, g - get item Item here: a runed short sword.
The floor.
This square is lit by a halo.
There is a staircase to the Ecumenical Temple here.
You climb downwards.
Welcome to the Ecumenical Temple!
Found three altars.
Found a staircase back to the Dungeon.
There is a staircase back to the Dungeon here.
You climb upwards.
Welcome back to the Dungeon!
The hound completely misses you. The hound bites you but does no damage.
The ice beast closely misses you.
There is a staircase to the Ecumenical Temple here.
The hound closely misses you. x2
The hound attacks as it pursues you! The hound bites you but does no damage.
The ice beast hits you. The ice beast freezes you! The hound barely misses you.
The hound bites you but does no damage. The hound attacks as it pursues you!
The hound barely misses you. The hound bites you.
The hound attacks as it pursues you! The hound barely misses you.
The hound bites you. The hound barely misses you. The hound misses you.
You hit the hound.
The hound is lightly wounded.
The hound bites you but does no damage. The hound bites you.
You hit the hound.
The hound is poisoned.
The hound is moderately wounded.
The hound bites you but does no damage.
You barely miss the hound.
The hound is heavily wounded.
The hound bites you. The hound closely misses you.
The hound attacks as it pursues you! The hound barely misses you.
A centaur comes into view.
The centaur shouts!
The centaur wields a +0 shortbow.
The centaur shoots an arrow.
The arrow hits you! The hound barely misses you.
The centaur shoots an arrow.
The arrow closely misses you. The hound attacks as it pursues you!
The hound barely misses you.
The centaur shoots an arrow.
The arrow closely misses you. The hound completely misses you.
You are confused.
You feel invigorated.
The centaur shoots an arrow.
The arrow hits you. The hound bites you but does no damage.
The centaur shoots an arrow.
The arrow misses you.
You hit the hound but do no damage.
The hound looks as sick as possible!
The hound is almost dead.
The hound bites you but does no damage.
The centaur shoots an arrow.
The arrow hits you. The hound bites you.
You bump into the rock wall.
You kill the hound!
The centaur shoots an arrow.
The arrow hits you.
You die...

......#.⌠.#........
..###.......###...
#..#)#.## #
.###......#
.....#.#.##
####.....# #####.#
.c.########.#
........@.Y.#
...##########


You could see an ice beast and a centaur.

Vanquished Creatures
  A scorpion (D:4)
  A hound (D:5)
  Terence (D:3)
  A dart slug (D:1)
  2 bats
  5 endoplasms
  A giant cockroach (D:2)
  5 goblins (D:1)
  2 hobgoblins
  A kobold (D:1)
  A quokka (D:4)
  A frilled lizard (D:1)
  2 rats
24 creatures vanquished.

Notes
Turn   | Place    | Note
-------+----------+-------------------------------------------
     0 | D:1      | browni3141 the Barachi Monk began the quest for the Orb.
     0 | D:1      | Reached XP level 1. HP: 18/18 MP: 1/1
    92 | D:1      | Reached XP level 2. HP: 21/24 MP: 2/2
   249 | D:1      | Reached skill level 4 in Dodging
   346 | D:2      | Reached XP level 3. HP: 29/29 MP: 3/3
   350 | D:3      | Noticed Terence
   360 | D:3      | Killed Terence
   361 | D:3      | Reached skill level 5 in Dodging
   382 | D:4      | Noticed a scorpion
   391 | D:4      | Killed a scorpion
   392 | D:4      | Reached XP level 4. HP: 19/36 MP: 3/8
   525 | D:4      | Found a runed translucent door.
   525 | D:4      | Noticed Duvessa
   525 | D:4      | Noticed Crazy Yiuf
   526 | D:4      | Noticed Dowan
   565 | D:4      | Noticed a kobold brigand
   588 | D:5      | Entered Level 5 of the Dungeon
   588 | D:5      | Noticed an ice beast
   588 | D:5      | Found a staircase to the Ecumenical Temple.
   593 | Temple   | Found a transporter.
   593 | Temple   | Found a transporter.
   593 | Temple   | Found a transporter.
   593 | Temple   | Found a transporter.
   593 | Temple   | Entered the Ecumenical Temple
   609 | D:5      | Noticed a centaur
   612 | D:5      | HP: 1/36 [hound (1)]
   613 | D:5      | Shot with an arrow by a centaur

Illustrated notes

Levels and vault maps discovered:
D:1:      heliophobic_arrival_dark_side_of_the_moon, layout_basic
D:2:      layout_loops_corners, due_unseen_surprise
D:3:      layout_rooms, mainiacjoe_overflow_chevrons,
          gammafunk_temple_overflow_pools, minmay_misc_feat_encased,
          uniq_terence
D:4:      layout_basic, nicolae_overflow_two_pavilions,
          nicolae_shop_firing_range, uniq_crazy_yiuf_cottage, uniq_menkaure,
          uniq_duvessa
D:5:      lemuel_ice_spiral_2, layout_basic, mainiacjoe_overflow_boulevard,
          nicolae_uskayaw_suspiria, minmay_temple_entry_sparse_star,
          hangedman_decor_lopped
Temple:   hellmonk_temple_divided_pantheon

Skill      XL: |  1  2  3 |
---------------+----------+-----
Dodging        | 4 5 |  5.0
Spellcasting   | 2 |  2.7
Fighting       | |  3.6
Long Blades    | |  3.6

Action                     |  1- 3 |  4- 6 || total
---------------------------+-------+-------++-------
  Melee: Falchion          |    12 |       ||    12
         Dagger            |    48 |     8 ||    56
Ability: Hop               |     1 |     1 ||     2
    Use: Potion            |       |     1 ||     1
 Armour: Robe              |    23 |       ||    23
         Scale mail        |     6 |    18 ||    24
  Dodge: Dodged            |    25 |    19 ||    44
